 Dungeon Crawl Stone Soup version 0.29-a0-207-gf982a884d8 (webtiles) character file.

Game seed: 8070416957120899976

644 ZeroWinrate the Slasher (level 7, -17/53 HPs)
             Began as a Gnoll Wanderer on Feb 24, 2022.
             Demolished by an ogre
             ... wielding a +0 giant spiked club
              (31 damage)
             ... on level 4 of the Dungeon.
             The game lasted 00:17:31 (4722 turns).

ZeroWinrate the Slasher (Gnoll Wanderer)            Turns: 4722, Time: 00:17:32

Health: -17/53     AC:  2    Str:  8    XL:     7   Next: 52%
Magic:  12/12      EV: 16    Int: 15    God:
Gold:   551        SH:  0    Dex:  9    Spells: 2/13 levels left

rFire   . . .      SeeInvis +   e - +8 long sword of Guggupty {protect, Will+++ Dex-4 SInv Stlth+}
rCold   . . .      Faith    .   (no shield)
rNeg    . . .      Spirit   .   c - +0 robe
rPois   .          Reflect  .   (no helmet)
rElec   .          Harm     .   (no cloak)
rCorr   .          Rampage  .   (no gloves)
Will    +++..                   (no boots)
Stlth   +++.......              (no amulet)
HPRegen 0.17/turn               h - +4 ring of evasion
MPRegen 0.13/turn               (no ring)

@: lethally poisoned (-17 -> -18)
A: fangs 1, strong nose, distributed training, wild magic 1, MP-powered wands
a: no special abilities


You were on level 4 of the Dungeon.
You visited 1 branch of the dungeon, and saw 5 of its levels.
You also visited: Ossuary.

You collected 647 gold pieces.
You spent 96 gold pieces at shops.

Inventory:

Hand Weapons
 a - a +1 long sword
 e - the +8 long sword of Guggupty (weapon) {protect, Will+++ Dex-4 SInv Stlth+}
   (You found it on level 4 of the Dungeon)

   It grants its wielder temporary protection when it strikes (+7 to AC).
   Dex:       It affects your dexterity (-4).
   SInv:      It lets you see invisible.
   Will:      It greatly increases your willpower.
   Stlth:     It makes you more stealthy.
 n - the +7 dagger "Tagope" {vorpal, *Slow +Blink Fly Dex+8}
   (You found it on level 3 of the Dungeon)

   It inflicts extra damage upon your enemies.
   Dex:       It affects your dexterity (+8).
   Fly:       It grants you flight.
   +Blink:    It lets you blink.
   *Slow:     It may slow you when you take damage.
Missiles
 b - 36 stones
 j - a throwing net
Armour
 c - a +0 robe (worn)
Jewellery
 h - a +4 ring of evasion (left hand)
Scrolls
 g - a scroll of brand weapon
 i - a scroll of summoning
 k - a scroll of fear {unknown}
 l - a scroll of vulnerability {unknown}
 o - a scroll of silence {unknown}
 q - 2 scrolls of amnesia {unknown}
 r - a scroll of teleportation {unknown}
Potions
 d - 2 potions of curing
 f - a potion of berserk rage


   Skills:
 + Level 3.6 Fighting
 + Level 2.5 Short Blades
 + Level 7.0 Long Blades
 + Level 2.5 Axes
 + Level 2.5 Maces & Flails
 + Level 2.5 Polearms
 + Level 2.5 Staves
 + Level 2.5 Slings
 + Level 2.5 Bows
 + Level 2.5 Crossbows
 + Level 2.5 Throwing
 + Level 2.5 Armour
 + Level 2.5 Dodging
 + Level 3.5 Stealth
 + Level 2.5 Shields
 + Level 2.5 Unarmed Combat
 + Level 3.8 Spellcasting
 + Level 2.0 Conjurations
 + Level 2.0 Hexes
 + Level 2.0 Summonings
 + Level 2.0 Necromancy
 + Level 2.0 Translocations
 + Level 2.0 Transmutations
 + Level 2.0 Fire Magic
 + Level 2.0 Ice Magic
 + Level 2.0 Air Magic
 + Level 5.8 Earth Magic
 + Level 2.0 Poison Magic
 + Level 2.8 Invocations
 + Level 3.6 Evocations


You had 2 spell levels left.
You knew the following spells:

 Your Spells              Type           Power      Damage    Failure   Level
a - Sandblast             Erth           52%        2d12      3%          1
b - Stone Arrow           Conj/Erth      38%        3d9       16%         3
c - Passwall              Tmut/Erth      15%        N/A       9%          2
d - Poisonous Vapours     Pois/Air       22%        N/A       17%         2
e - Scorch                Fire           22%        2d6       17%         2
f - Summon Small Mammal   Summ           44%        N/A       12%         1

Your spell library contained the following spells:

 Spells                   Type           Power      Damage    Failure   Level
 Animate Skeleton         Necr           22%        N/A       12%         1
 Apportation              Tloc           22%        N/A       12%         1
 Sting                    Tmut/Pois      44%        1d5       12%         1
 Corpse Rot               Necr/Air       22%        N/A       17%         2
 Dispel Undead            Necr           11%        3d9       69%         4
 Flame Wave               Conj/Fire      11%        2d5       69%         4
 Olgreb's Toxic Radiance  Pois           11%        N/A       69%         4
 Death Channel            Necr           5%         N/A       100%        6
 Summon Cactus Giant      Summ           5%         N/A       100%        6


Dungeon Overview and Level Annotations

Branches:
Dungeon (5/15)            Ossuary (visited)
 Temple: D:4-7

Altars:
Dithmenos
Nemelex Xobeh
Okawaru

Shops:
D:3 !


Innate Abilities, Weirdness & Mutations

You have very sharp teeth.
Your uncanny sense of smell can sniff out nearby items.
Your experience applies equally to all skills.
Your spells are a little harder to cast, but a little more powerful.
You expend magic power (3 MP) to strengthen your wands.


Message History

Your weapon exudes an aura of protection.
You kill the iguana!
The scorpion stings you but does no damage.
You barely miss the scorpion.
The ogre shouts!
Your punch misses the scorpion. The scorpion barely misses you.
The scorpion stings you but does no damage.
You slash the scorpion!
You punch the scorpion, but do no damage.
The scorpion is almost dead.
The scorpion stings you.
You are poisoned.
The scorpion poisons you!
You barely miss the scorpion.
The scorpion is almost dead.
You feel very sick. The scorpion misses you.
You slash the scorpion!
You kill the scorpion!
You feel sick.
You hit the ogre. You bite the ogre, but do no damage.
The ogre is lightly wounded.
You feel sick.
The ogre hits you with a +0 giant spiked club!!
You are too injured to fight recklessly!
You are too injured to fight recklessly!
You are too injured to fight recklessly!
You are too injured to fight recklessly!
You are too injured to fight recklessly!
An ogre is nearby!
You feel sick.
You feel sick.
There is a stone staircase leading up here.
You feel sick. The ogre misses you.
You climb upwards.
You feel sick.
There is a stone staircase leading down here.
You feel sick.
The ogre hits you with a +0 giant spiked club!!
Ouch! That really hurt!
You die...

#...#.#....>....#
#...#...........#
#...###.........# #####
#.........####
#######............#
...................#
###................#
#...#............O.#
..##..####......@>.#
..##.### ##...######
._.....## #...# ######
.##..#..###...#######....#
.#..###.<.<..............#
...## ###.#..............#
...# ###....)..#.........#
.#.###......#............#
........#................#


You could see an ogre.

Vanquished Creatures
  Grinder (D:3)
  A kobold brigand (D:3)
  A scorpion (D:5)
  The ghost of domi the Magician, a weakling DjWz (D:3)
  A centaur zombie (Ossuary)
  A hound (D:5)
  A human zombie (Ossuary)
  An iguana (D:5)
  3 mummies
  A gnoll (D:1)
  3 adders
  5 dart slugs
  4 orcs
  3 endoplasms
  2 giant cockroaches
  4 goblins
  3 hobgoblins
  3 jackals (D:1)
  2 quokkas (D:1)
  7 ball pythons
  5 bats
  2 frilled lizards
  3 gnoll zombies (Ossuary)
  2 goblin zombies (Ossuary)
  6 hobgoblin zombies
  11 kobolds
  3 orc zombies
  8 rats
88 creatures vanquished.

Notes
Turn   | Place    | Note
-------+----------+-------------------------------------------
     0 | D:1      | ZeroWinrate the Gnoll Wanderer began the quest for the Orb.
     0 | D:1      | ZeroWinrate set off with the following items: a +1 long
                  | sword, 25 stones, a +0 robe; and the following spell
                  | memorised: Sandblast; and the following spells available to
                  | memorise: Stone Arrow
     0 | D:1      | Reached XP level 1. HP: 17/17 MP: 4/4
   235 | D:1      | Reached XP level 2. HP: 17/23 MP: 2/5
   561 | D:1      | Reached XP level 3. HP: 6/28 MP: 5/7
   947 | D:1      | Found a faded altar of an unknown god.
  1585 | D:2      | Reached skill level 1 in Invocations
  1675 | D:2      | Reached skill level 1 in Short Blades
  1675 | D:2      | Reached skill level 1 in Axes
  1675 | D:2      | Reached skill level 1 in Maces & Flails
  1675 | D:2      | Reached skill level 1 in Polearms
  1675 | D:2      | Reached skill level 1 in Staves
  1675 | D:2      | Reached skill level 1 in Slings
  1675 | D:2      | Reached skill level 1 in Bows
  1675 | D:2      | Reached skill level 1 in Crossbows
  1675 | D:2      | Reached skill level 1 in Throwing
  1675 | D:2      | Reached skill level 1 in Armour
  1675 | D:2      | Reached skill level 1 in Dodging
  1675 | D:2      | Reached skill level 1 in Shields
  1675 | D:2      | Reached skill level 1 in Unarmed Combat
  2019 | D:2      | Reached XP level 4. HP: 30/34 MP: 8/8
  2318 | D:3      | Noticed Grinder
  2730 | D:3      | Found an iron altar of Okawaru.
  2768 | D:3      | Paralysed by Grinder for 2 turns
  2769 | D:3      | Killed Grinder
  2770 | D:3      | Reached skill level 1 in Conjurations
  2770 | D:3      | Reached skill level 1 in Hexes
  2770 | D:3      | Reached skill level 1 in Summonings
  2770 | D:3      | Reached skill level 1 in Necromancy
  2770 | D:3      | Reached skill level 1 in Translocations
  2770 | D:3      | Reached skill level 1 in Transmutations
  2770 | D:3      | Reached skill level 1 in Fire Magic
  2770 | D:3      | Reached skill level 1 in Ice Magic
  2770 | D:3      | Reached skill level 1 in Air Magic
  2770 | D:3      | Reached skill level 1 in Poison Magic
  2770 | D:3      | Reached XP level 5. HP: 41/41 MP: 5/10
  2770 | D:3      | Reached XP level 6. HP: 47/47 MP: 5/11
  2885 | D:3      | Found a runed translucent gate.
  2886 | D:3      | Found a runed translucent gate.
  2886 | D:3      | Noticed domi's ghost (weakling DjWz)
  2887 | D:3      | Found a runed translucent gate.
  3069 | D:3      | Identified the +7 dagger "Tagope" {vorpal, *Slow +Blink Fly
                  | Dex+8}
  3143 | D:3      | Found Cothill's Distillery.
  3247 | D:3      | Bought a potion of heal wounds for 60 gold pieces
  3247 | D:3      | Bought a potion of curing for 36 gold pieces
  3498 | D:3      | Learned a level 3 spell: Stone Arrow
  3501 | D:3      | Learned a level 2 spell: Passwall
  3504 | D:3      | Learned a level 2 spell: Poisonous Vapours
  3546 | D:3      | Killed domi's ghost
  3752 | D:4      | Found a shadowy altar of Dithmenos.
  3924 | D:4      | Found a sand-covered staircase.
  3934 | Ossuary  | Entered an ossuary
  3938 | Ossuary  | Learned a level 2 spell: Scorch
  3940 | Ossuary  | Learned a level 1 spell: Summon Small Mammal
  3951 | Ossuary  | Gained mutation: You expend magic power (3 MP) to
                  | strengthen your wands. [potion of mutation]
  3951 | Ossuary  | Gained mutation: Your spells are a little harder to cast,
                  | but a little more powerful. [potion of mutation]
  3956 | Ossuary  | Reached XP level 7. HP: 32/52 MP: 4/12
  4092 | Ossuary  | Reached skill level 7 in Long Blades
  4490 | D:4      | Identified the +8 long sword of Guggupty {protect, Will+++
                  | Dex-4 SInv Stlth+}
  4542 | D:4      | Found a sparkling altar of Nemelex Xobeh.
  4622 | D:4      | Noticed a yak
  4640 | D:5      | Entered Level 5 of the Dungeon
  4722 | D:4      | Demolished by an ogre

Illustrated notes

Levels and vault maps discovered:
D:1:      scummos_arrival_forest, layout_basic,
          hellmonk_ecumenical_altar_blasted
D:2:      layout_basic
D:3:      layout_basic, old_standard_altar, serial_shops, shop,
          gammafunk_ghost_nasty_kobolds, minmay_pentomino_pile, uniq_grinder
D:4:      layout_rooms, nemelex_diamond_rough_becter, overflow_temple_1_default,
          nicolae_ossuary_entry_giza, lightli_corner_chamber
D:5:      layout_rooms, lemuel_doored_altar, portal_sewer_entry_f,
          uniq_crazy_yiuf_cottage

Skill      XL: |  1  2  3  4  5  6  7 |
---------------+----------------------+-----
Invocations    | 1 2 |  2.8
Short Blades   | 1 2 |  2.5
Axes           | 1 2 |  2.5
Maces & Flails | 1 2 |  2.5
Polearms       | 1 2 |  2.5
Staves         | 1 2 |  2.5
Slings         | 1 2 |  2.5
Bows           | 1 2 |  2.5
Crossbows      | 1 2 |  2.5
Throwing       | 1 2 |  2.5
Armour         | 1 2 |  2.5
Dodging        | 1 2 |  2.5
Shields        | 1 2 |  2.5
Unarmed Combat | 1 2 |  2.5
Spellcasting   | 3 |  3.8
Fighting       | 3 |  3.6
Stealth        | 3 |  3.5
Conjurations   | 1 2 |  2.0
Hexes          | 1 2 |  2.0
Summonings     | 1 2 |  2.0
Necromancy     | 1 2 |  2.0
Translocations | 1 2 |  2.0
Transmutations | 1 2 |  2.0
Fire Magic     | 1 2 |  2.0
Ice Magic      | 1 2 |  2.0
Air Magic      | 1 2 |  2.0
Poison Magic   | 1 2 |  2.0
Evocations     | 3 |  3.6
Long Blades    | 7 |  7.0
Earth Magic    | |  5.8

Action                   |  1- 3 |  4- 6 |  7- 9 || total
-------------------------+-------+-------+-------++-------
Melee: Long sword        |    62 |    49 |    62 ||   173
       Bite              |     5 |     4 |    10 ||    19
       Punch             |     1 |       |     2 ||     3
Throw: Stone             |       |     1 |       ||     1
       Throwing net      |       |     1 |       ||     1
 Cast: Sandblast         |    10 |    13 |       ||    23
       Stone Arrow       |       |     4 |     8 ||    12
       Summon Small Mamm |       |     2 |     3 ||     5
       Scorch            |       |     2 |       ||     2
  Use: Scroll            |       |     3 |     4 ||     7
       Potion            |       |     1 |     3 ||     4
 Stab: Sleeping          |     5 |     5 |     4 ||    14
Armor: Robe              |    13 |     8 |    20 ||    41
Dodge: Dodged            |    35 |    39 |   102 ||   176

Table legend: (Time is in decaauts)
 A = Elapsed time spent in this place.
 B = Non-inter-level travel time spent in this place.
 C = Inter-level travel time spent in this place.
 D = Time resting spent in this place.
 E = Time spent auto-exploring this place.
 F = Levels seen in this place.
 G = Mean time per level.
                   A        B        C        D        E       F      G
               +--------+--------+--------+--------+--------+-----+--------+
         Total |   4738 |   4533 |    205 |    705 |   2842 |   6 |  789.7 |
       Dungeon |   4223 |   4018 |    205 |    705 |   2715 |   5 |  844.6 |
       Ossuary |    515 |    515 |      0 |      0 |    127 |   1 |  515.0 |
               +--------+--------+--------+--------+--------+-----+--------+

Top non-repeatable levels by time:
     D:1: 1572 daAuts
     D:3: 1193 daAuts
     D:2: 929 daAuts
 Ossuary: 515 daAuts
     D:4: 446 daAuts
     D:5: 81 daAuts
